 Dungeon Crawl Stone Soup version 0.18.1-48-g4cf74bf (webtiles) character file.

78 Joat the Ruffian (level 4, 0/38 HPs)
             Began as a Draconian Transmuter on Aug 15, 2016.
             Shot with a stone by a goblin (4 damage)
             ... led by Robin
             ... on level 2 of the Dungeon.
             The game lasted 00:07:58 (1584 turns).

Joat the Ruffian (Draconian Transmuter)             Turns: 1584, Time: 00:07:59

Health: 0/38       AC:  5    Str: 18    XL:     4   Next: 15%
Magic:  7/7        EV: 18    Int: 13    God:
Gold:   27         SH:  0    Dex: 17    Spells: 1 memorised, 6 levels left

rFire  . . .     SeeInvis .     i - +0 whip
rCold  . . .     Gourm    .     (armour unavailable)
rNeg   . . .     Faith    .     (no shield)
rPois  .         Spirit   .     (helmet restricted)
rElec  .         Dismiss  .     (no cloak)
rCorr  .         Reflect  .     (no gloves)
SustAt .         Harm     .     (no boots)
MR     .....                    (no amulet)
Stlth  +++.......               (no ring)
                                (no ring)

@: mighty, agile, exhausted, very slightly contaminated, slowed, very slow, not
resistant to hostile enchantments, fairly stealthy
A: unfitting armour, stinger 1, cold-blooded, AC +5
a: no special abilities


You were on level 2 of the Dungeon.
You were hungry.

You visited 1 branch of the dungeon, and saw 2 of its levels.

You collected 27 gold pieces.

Inventory:

Hand Weapons
 i - a +0 whip (weapon)
Missiles
 a - 12 arrows
Scrolls
 f - 2 scrolls of teleportation {unknown}
Books
 b - a book of Changes

   Spells                             Type                      Level
   a - Beastly Appendage              Transmutation                1
   b - Sticks to Snakes               Transmutation                2
   c - Spider Form                    Transmutation/Poison         3
   d - Ice Form                       Ice/Transmutation            4
   e - Blade Hands                    Transmutation                5
Comestibles
 c - 4 bread rations


   Skills:
 + Level 3.1 Fighting
 + Level 2.4 Dodging
 + Level 3.4 Unarmed Combat
 - Level 2.0 Spellcasting
 - Level 2.3 Transmutations


You had 6 spell levels left.
You knew the following spells:

 Your Spells              Type           Power        Failure   Level  Hunger
a - Beastly Appendage     Trmt           #.....       12%         1    ##.....


Dungeon Overview and Level Annotations

Branches:
Dungeon (2/15)

Altars:

Annotations:
D:2 Robin


Innate Abilities, Weirdness & Mutations

Your plain brown scales are hard (AC +5).
Your body does not fit into most forms of armour.
You are cold-blooded and may be slowed by cold attacks.
Your tail ends in a poisonous barb.


Message History

The goblin misses you.
Found a glowing zirconium amulet.
You are no longer berserk.
You are exhausted.
You feel yourself slow down.
You are feeling hungry.
Robin's bangles clink loudly.
Robin throws the goblin at you!
Found a pair of boots.
Read which item? (? for menu, Esc to quit)
As you read the scroll labeled QUNADOELAKH, it crumbles to dust.
The creatures around you are filled with an inner flame!
It was a scroll of immolation.
The goblin no longer looks unusually strong.
The goblin misses you.
The goblin throws a stone.
The stone closely misses you. The goblin hits you but does no damage.
The goblin unwields an uncursed dagger.
The goblin wields an uncursed hunting sling.
The goblin shoots a stone.
The stone hits you.
You die...

... #..................gg...
#.###.#....)...g........#..#
#.......####g#...#.####(g...
##.<..### #.#...#.# ###...
#.#########g#...#.# #..# #.
#....gg#...#.# #..# #.
#.####.#...#.# #... #.
#......g.....# ##.# #.
#.##.@g....#.# #.. ..
#."..#..#### #.. ##
#[.##....(.. ### #.#
.....##.# . #.....# #
....... #.....### .... .#


You could see Robin (inner flame), 2 hobgoblins and 2 goblins.

Vanquished Creatures
  3 adders (D:2)
  An ooze (D:1)
  A dart slug (D:1)
  A ball python (D:2)
  4 bats (D:1)
  A giant cockroach (D:2)
  9 goblins
  6 hobgoblins
  3 jackals (D:1)
  4 kobolds
  A giant newt (D:1)
  6 rats
40 creatures vanquished.

Notes
Turn   | Place    | Note
--------------------------------------------------------------
     0 | D:1      | Joat the Draconian Transmuter began the quest for the Orb.
     0 | D:1      | Reached XP level 1. HP: 16/16 MP: 3/3
   110 | D:1      | Reached XP level 2. HP: 21/24 MP: 5/5
   446 | D:1      | Reached XP level 3. HP: 18/30 MP: 6/6
  1090 | D:2      | Reached XP level 4. HP: 8/38 MP: 7/7
  1332 | D:2      | Noticed Robin
  1572 | D:2      | Gained mutation: Your tail ends in a poisonous barb. [potion of beneficial mutation]
  1584 | D:2      | Shot with a stone by a goblin

Skill      XL: |  1  2  3 |
---------------+----------+-----
Dodging        | 2 |  2.4
Fighting       | 2 3 |  3.1
Unarmed Combat | |  3.4
Spellcasting   | |  2.0
Transmutations | |  2.3

Action                   |  1- 3 |  4- 6 || total
-------------------------+-------+-------++-------
Melee: Unarmed           |    22 |       ||    22
       Tailslap          |    10 |     4 ||    14
       Whip              |   150 |    34 ||   184
       Kick              |     1 |       ||     1
       Headbutt          |     1 |     3 ||     4
       Punch             |     1 |       ||     1
 Cast: Beastly Appendage |     6 |     2 ||     8
  Use: Potion            |       |     5 ||     5
       Scroll            |       |     1 ||     1
 Stab: Sleeping          |     1 |       ||     1
  Eat: Chunk             |     1 |     2 ||     3
Armor: Skin              |    47 |    18 ||    65
Dodge: Dodged            |   123 |    39 ||   162
